AoeStats
← captain_shadow26

Team Islands

503196841Analyzed
3v3 RM · 3mo ago on Aug 30, 2026· 76m 16s· 6 players
Game mode
Random Map
Map size
Large (8 player)
Population
200
Speed
Normal
Resources
Standard
Victory
Conquest
Starting age
Dark Age
Ending age
Imperial Age
RankedLock teamsTeams togetherTeam positionsShared explorationLock speedFull tech treeHidden civsTurbo modeCheats
Victory
Defeat
🇩🇪 Chinese · Germany
966
+16
🇩🇪 Sicilians · Germany
965
+16
🇩🇪 Britons · Germany
957
+16
vs
🇫🇷 Dravidians · France
1133
-23
🇫🇷 Bohemians · France
891
-13
🇫🇷 Koreans · France
870
-12
fcn2004
9:42 Feudal Age
10:25 Double-Bit Axe
14:57 Loom
18:35 Castle Age
23:30 Pikeman
34:03 Scale Mail Armor
34:14 Forging
34:20 Bow Saw
36:55 Wheelbarrow
37:17 Scale Barding Armor
37:48 Iron Casting
39:01 Horse Collar
43:58 Imperial Age
41:44 Hand Cart
46:36 Conscription
47:38 Blast Furnace
47:11 Chain Barding Armor
47:07 Chain Mail Armor
46:53 Padded Archer Armor
48:00 Cavalier
51:52 Elite Skirmisher
53:54 Leather Archer Armor
54:15 Plate Barding Armor
53:31 Fletching
54:07 Ballistics
53:53 Siege Engineers
54:49 Chemistry
53:46 Murder Holes
57:43 Bloodlines
57:34 Husbandry
58:04 Clinker Construction
58:05 Masonry
60:41 Town Watch
73:13 Onager
Jiwisd
10:05 Feudal Age
13:38 Double-Bit Axe
16:39 Fishing Lines
21:08 Castle Age
23:32 Medium Warships
24:53 Careening
24:56 Clinker Construction
26:25 Gillnets
28:42 Wheelbarrow
30:54 Imperial Age
28:50 Siphons
31:05 Hand Cart
30:35 Town Watch
30:37 Loom
30:46 Fletching
30:57 Padded Archer Armor
35:09 Heavy Warships
35:09 Dry Dock
35:10 Carvel Hull
35:15 Shipwright
35:57 Chemistry
35:18 Ballistics
34:50 Horse Collar
35:50 Leather Archer Armor
37:24 Heavy Plow
39:38 Carvel Hull
39:24 Murder Holes
39:37 Stone Mining
39:48 Gold Mining
46:21 Coinage
47:32 Banking
48:11 Siege Engineers
48:16 Masonry
48:22 Fortified Wall
48:17 Siege Engineers
48:18 Elite Longbowman
52:03 Ring Archer Armor
51:28 Bodkin Arrow
51:51 Demolition Ship
52:09 Elite Skirmisher
53:13 Yeomen
53:14 Conscription
57:53 Bracer
58:37 Hoardings
60:40 Warwolf
72:32 Gold Shaft Mining
72:15 Forging
72:05 Scale Mail Armor
73:00 Bow Saw
75:20 Chain Mail Armor
75:41 Iron Casting
75:17 Caravan
75:19 Man-at-Arms
75:45 Gambesons
76:01 Squires
75:46 Arson
captain_shadow26
13:47 Feudal Age
14:16 Double-Bit Axe
14:37 Fishing Lines
21:02 Castle Age
20:47 Gold Mining
20:47 Stone Mining
20:47 Town Watch
22:44 Bow Saw
22:39 Demolition Ship
23:32 Medium Warships
23:16 Gillnets
24:29 Horse Collar
26:01 Clinker Construction
26:04 Careening
26:01 Fletching
26:12 Padded Archer Armor
31:35 Imperial Age
28:53 Loom
29:46 Wheelbarrow
30:49 Gold Shaft Mining
30:49 Stone Shaft Mining
30:34 Heavy Plow
31:32 Hand Cart
32:21 Heavy Demolition Ship
33:27 Heavy Warships
35:03 Bodkin Arrow
35:23 Leather Archer Armor
36:09 Bracer
36:32 Ballistics
37:12 Chemistry
36:34 Dry Dock
36:23 Siphons
37:32 Shipwright
37:45 Ring Archer Armor
40:59 Two-Man Saw
40:50 Rocketry
43:14 Scale Mail Armor
43:25 Forging
44:09 Caravan
44:28 Elite Chu Ko Nu
45:02 Heavy Rocket Cart
45:11 Pikeman
45:52 Squires
52:17 Halberdier
57:45 Chain Mail Armor
57:48 Caravan
70:03 Elite Skirmisher
73:59 Thumb Ring
JrM
11:01 Feudal Age
16:21 Castle Age
15:07 Double-Bit Axe
19:26 Bow Saw
22:53 Forging
43:40 Imperial Age
43:15 Husbandry
54:53 Cavalier
57:12 Elite Hussite Wagon
57:28 Light Cavalry
63:22 Two-Man Saw
62:04 Horse Collar
62:49 Caravan
GENTILLESSE
12:26 Feudal Age
18:42 Castle Age
16:39 Double-Bit Axe
16:52 Fishing Lines
20:05 Bow Saw
20:24 Fletching
22:58 Wheelbarrow
22:44 Gillnets
23:46 Loom
24:49 Hand Cart
24:32 Bodkin Arrow
25:30 Scale Mail Armor
27:51 Scale Barding Armor
28:24 Medium Warships
28:46 Gold Mining
31:40 Stone Mining
32:25 Gold Shaft Mining
31:36 Horse Collar
36:51 Stone Shaft Mining
36:44 Forging
36:55 Chain Barding Armor
37:52 Chain Mail Armor
37:43 Heavy Plow
38:59 Iron Casting
42:22 Imperial Age
41:21 Squires
41:07 Arson
42:24 Ballistics
41:56 Heated Shot
42:50 Coinage
42:21 Caravan
42:53 Heavy Rocket Cart
44:24 Heavy Warships
43:56 Elite Turtle Ship
46:11 Guilds
46:32 Banking
49:03 Bracer
52:32 Husbandry
51:53 Light Cavalry
59:00 Man-at-Arms
59:02 Pikeman
62:08 Chemistry
61:18 Fortified Wall
63:33 Plate Mail Armor
DANSLESBOULES
11:33 Feudal Age
12:55 Double-Bit Axe
15:42 Castle Age
15:06 Fletching
15:30 Fishing Lines
16:39 Double-Bit Axe
16:54 Bodkin Arrow
18:00 Medium Warships
20:07 Bow Saw
21:13 Wheelbarrow
22:39 Hand Cart
23:17 Loom
25:03 Horse Collar
26:25 Gillnets
26:37 Town Watch
31:58 Imperial Age
32:02 Thumb Ring
32:49 Husbandry
33:59 Ballistics
34:42 Chemistry
36:23 Heavy Warships
36:03 Bracer
36:39 Town Patrol
38:12 Elite Elephant Archer
40:33 Medical Corps
43:10 Clinker Construction
43:13 Careening
48:00 Padded Archer Armor
50:23 Leather Archer Armor
52:20 Ring Archer Armor
53:02 Two-Man Saw
51:43 Horse Collar
51:55 Gold Mining
51:56 Stone Mining
58:56 Caravan
59:27 Coinage
61:49 Conscription
Connection lost

Rejoining the realm…

Still unreachable

The connection could not be restored.

Session expired

The server has moved on; the page needs a fresh start.